 Dungeon Crawl Stone Soup version 0.24.1-14-gf8d2b509d9 (webtiles) character file.

Game seed: 17999172033065397995, levelgen mode: deterministic

303 Mickster the Slasher (level 6, -19/47 HPs)
             Began as a Vampire Monk on Feb 11, 2023.
             Demolished by an ogre
             ... wielding a +0 giant spiked club
              (21 damage)
             ... on level 4 of the Dungeon.
             The game lasted 00:34:22 (2622 turns).

Mickster the Slasher (Vampire Monk)                 Turns: 2622, Time: 00:34:22

Health: -19/47     AC:  6    Str: 11    XL:     6   Next: 15%
Magic:  6/6        EV: 12    Int: 13    God:
Gold:   134        SH:  0    Dex: 17    Spells: 5/5 levels left

rFire    . . .     SeeInvis +   a - +1 falchion
rCold    . . .     Gourm    .   (no shield)
rNeg     . . .     Faith    .   i - +0 ring mail
rPois    .         Spirit   .   k - +1 hat
rElec    .         Reflect  .   (no cloak)
rCorr    .         Harm     .   (no gloves)
MR       .....                  (no boots)
Stlth    ++........             (no amulet)
HPRegen  0.35/turn              (no ring)
MPRegen  0.10/turn              (no ring)

@: regenerating quickly
A: no food, fangs 3, see invisible, unbreathing
a: Exsanguinate


You were on level 4 of the Dungeon.
You were alive.

You visited 1 branch of the dungeon, and saw 4 of its levels.

You collected 134 gold pieces.

Inventory:

Hand Weapons
 a - a +1 falchion (weapon)
 o - a +0 hunting sling
 q - a +2 mace of holy wrath
Missiles
 c - 30 arrows (quivered)
 d - 37 sling bullets
 f - 29 stones
 n - 24 bolts
Armour
 b - a +0 robe
 e - a +0 leather armour
 i - a +0 ring mail (worn)
 k - a +1 hat (worn)
Wands
 l - a wand of iceblast (14)
Potions
 g - 2 potions of degeneration {unknown}
 j - 2 potions of curing {unknown}
 m - a potion of magic {unknown}
 p - a potion of might {unknown}
 r - a potion of mutation {unknown}
Comestibles
 h - 7 rations


   Skills:
 + Level 3.5 Fighting
 + Level 5.0 Long Blades
 + Level 0.8 Slings
 + Level 1.6 Armour
 + Level 4.2 Dodging
 + Level 3.6 Stealth


You had 5 spell levels left.
You didn't know any spells.
Your spell library was empty.

Dungeon Overview and Level Annotations

Branches:
Dungeon (4/15)
 Temple: D:4-7

Altars:


Innate Abilities, Weirdness & Mutations

You do not eat.
Your natural rate of healing is unusually fast.
You have razor-sharp teeth.
You have supernaturally acute eyesight. (SInv)
You can survive without breathing.


Message History

The iguana bites you.
The ogre hits you with a +0 giant spiked club.
You barely miss the iguana.
The iguana is lightly wounded.
The iguana bites you.
The ogre hits you with a +0 giant spiked club!
You hit the iguana but do no damage.
The iguana is lightly wounded.
The iguana bites you.
The ogre hits you with a +0 giant spiked club!!
* * * LOW HITPOINT WARNING * * *
You hit the iguana.
The iguana is heavily wounded.
The iguana barely misses you.
You riposte.
You hit the iguana.
The iguana is heavily wounded.
You closely miss the iguana. You bite the iguana, but do no damage.
The iguana is heavily wounded.
The iguana misses you.
The ogre hits you with a +0 giant spiked club!!
You die...

...## #.###
##..( #.a.###
...# #.....
.$(# #..l.
###..# #...
###....# #..
###(...<.#
#.###O.(.....#
#....l@..(...#
##(.(....#####
#...(.(.#
#..(....#
#..((.((#
.....(#####
...###(# ##.
### #


You could see an ogre and an iguana.

Vanquished Creatures
  A phantom (D:4)
  A crimson imp (D:3)
  An orc priest (D:3)
  6 adders
  4 worms
  5 dart slugs
  4 leopard geckos
  2 orcs (D:3)
  A ball python (D:1)
  7 bats
  A giant cockroach (D:2)
  5 goblins
  6 hobgoblins
  7 kobolds
  2 quokkas (D:2)
  6 frilled lizards
  A jackal skeleton (D:4)
  11 rats
71 creatures vanquished.

Notes
Turn   | Place    | Note
-------+----------+-------------------------------------------
     0 | D:1      | Mickster the Vampire Monk began the quest for the Orb.
     0 | D:1      | Reached XP level 1. HP: 17/17 MP: 1/1
   168 | D:1      | Reached XP level 2. HP: 17/24 MP: 2/2
   690 | D:2      | Reached XP level 3. HP: 19/29 MP: 3/3
  1121 | D:2      | Reached XP level 4. HP: 20/35 MP: 4/4
  1334 | D:2      | Reached skill level 4 in Long Blades
  1913 | D:3      | Reached skill level 1 in Armour
  1913 | D:3      | Reached XP level 5. HP: 40/41 MP: 5/5
  2404 | D:4      | Noticed a phantom
  2503 | D:4      | Killed a phantom
  2503 | D:4      | Reached skill level 5 in Long Blades
  2503 | D:4      | Reached XP level 6. HP: 47/47 MP: 6/6
  2620 | D:4      | HP: 1/47 [ogre/+0 giant spiked club (20)]
  2622 | D:4      | Demolished by an ogre

Levels and vault maps discovered:
D:1:      minmay_arrival_loop, layout_basic
D:2:      minmay_inner_zag, layout_basic, first_ration
D:3:      layout_loops_cross, ebering_ghost_reflecting_pool
D:4:      minmay_razor_zed, layout_basic, fedhas_altar_3,
          overflow_temple_1_default, minmay_unequal, uniq_eustachio

Skill      XL: |  1  2  3  4  5 |
---------------+----------------+-----
Fighting       | 3 |  3.5
Long Blades    | 4 5 |  5.0
Dodging        | 4 |  4.2
Armour         | 1 |  1.6
Slings         | |  0.8
Stealth        | |  3.6

Action                   |  1- 3 |  4- 6 || total
-------------------------+-------+-------++-------
Melee: Falchion          |    89 |   150 ||   239
       Bite              |     7 |    21 ||    28
 Fire: Hunting sling     |       |    11 ||    11
  Use: Scroll            |     5 |     1 ||     6
 Stab: Sleeping          |     4 |     2 ||     6
Armor: Leather armour    |     4 |       ||     4
       Ring mail         |    14 |    53 ||    67
Dodge: Dodged            |    70 |    95 ||   165
       Rpst.: Falchion   |    20 |    29 ||    49
